Map: Oxide LE

Players

HellraiseR - Winner!

  • Race: Protoss Protoss
  • League: Master
  • Spawn Location: 1:00

HeroMarine

  • Race: Terran Terran
  • League: Grandmaster
  • Spawn Location: 7:00

Event: DreamHack SC2 Masters 2020 Winter

VOD

Have the link to the VOD?

Description

Time

  • Played on: Nov. 5, 2020, 10:32 a.m.
  • Length: 8:32

All games in this series

Show
View Real Time Build Order
Export as new Build Order

HellraiseR Protoss - Winner!

Build Orders: 1 Gate Expand, Colossus Rush 

Get SALT Encoding   

  12  0:00  Probe  
  13  0:12  Probe  
  14  0:17  Pylon  
  14  0:24  Probe (Chrono Boost)  
  16  0:36  Probe (Chrono Boost), Gateway  
  16  0:41  Probe (Chrono Boost)  
  16  0:44  Assimilator  
  17  0:52  Probe  
  18  1:04  Probe  
  19  1:16  Probe  
  20  1:22  Cybernetics Core  
  20  1:31  Nexus  
  20  1:38  Pylon  
  20  1:40  Probe  
  21  1:48  Assimilator  
  21  1:52  Probe  
  22  1:56  Adept (Chrono Boost)  
  22  1:59  Warp Gate  
  24  2:05  Probe (Chrono Boost)  
  25  2:15  Probe (Chrono Boost)  
  26  2:18  Stalker  
  26  2:20  Probe (Chrono Boost)  
  29  2:30  Robotics Facility  
  29  2:31  Probe  
  31  2:45  Probe (Chrono Boost)  
  31  2:48  Probe (Chrono Boost)  
  32  2:54  Probe (Chrono Boost)  
  32  2:57  Probe (Chrono Boost)  
  34  2:59  Probe (Chrono Boost)  
  34  3:02  Gateway  
  35  3:07  Probe  
  35  3:11  Probe  
  37  3:18  Observer (Chrono Boost)  
  37  3:19  Probe  
  39  3:20  Assimilator  
  39  3:23  Probe, Robotics Bay  
  40  3:27  Pylon  
  40  3:30  Warp Prism (Chrono Boost)  
  40  3:32  Probe  
  43  3:35  Probe  
  44  3:44  Probe  
  44  3:48  Probe  
  46  3:51  Stalker  
  46  3:53  Pylon  
  48  3:56  Probe  
  48  3:59  Observer (Chrono Boost)  
  48  4:00  Probe  
  51  4:08  Probe  
  52  4:10  Gravitic Drive  
  52  4:12  Probe, Colossus (Chrono Boost)  
  59  4:26  Nexus  
  59  4:31  Pylon  
  58  4:33  Stalker  
  58  4:36  Probe  
  58  4:37  Probe  
  61  4:47  Pylon  
  61  4:51  Twilight Council, Forge  
  61  4:54  Probe  
  61  4:55  Probe  
  64  5:00  Observer  
  64  5:02  Stalker x2  
  64  5:07  Probe x2  
  65  5:19  Probe x2  
  65  5:20  Protoss Ground Armor Level 1 (Chrono Boost)  
  67  5:21  Observer  
  67  5:23  Charge (Chrono Boost)  
  67  5:31  Probe x2  
  69  5:37  Probe  
  69  5:41  Gateway  
  69  5:42  Gateway  
  70  5:43  Probe x2  
  70  5:45  Sentry, Zealot, Gateway  
  77  5:50  Probe, Gateway  
  77  5:52  Gateway  
  77  5:55  Probe  
  77  5:56  Probe  
  79  6:02  Probe  
  80  6:07  Probe  
  80  6:08  Probe  
  80  6:09  Gateway  
  82  6:11  Sentry, Zealot  
  82  6:12  Pylon  
  82  6:14  Probe  
  82  6:17  Assimilator  
  87  6:19  Probe  
  87  6:20  Probe  
  87  6:21  Pylon  
  89  6:26  Probe  
  89  6:28  Photon Cannon  
  89  6:31  Pylon  
  90  6:34  Pylon  
  90  6:39  Zealot x4  
  98  6:40  Pylon  
  98  6:43  Templar Archives  
  98  6:52  Zealot x3  
  104  7:12  Zealot x8  
  106  7:35  Zealot x8  
  106  7:40  Probe x2  
  106  7:43  Probe  
  97  7:57  Nexus  
  97  8:02  Probe  
  97  8:05  Zealot x8  
  108  8:07  Probe  
Show
View Real Time Build Order
Export as new Build Order

HeroMarine Terran 

Build Orders: Liberator Opening, Reaper Expand 

Get SALT Encoding   

  12  0:00  SCV  
  13  0:12  SCV  
  14  0:17  Supply Depot  
  14  0:24  SCV  
  15  0:38  SCV  
  15  0:40  Barracks  
  16  0:43  Refinery  
  16  0:50  SCV  
  17  1:02  SCV  
  18  1:14  SCV  
  19  1:27  Reaper, Orbital Command  
  20  1:42  Command Center  
  20  1:52  Supply Depot  
  20  1:53  SCV  
  21  1:59  Marine  
  22  2:05  SCV  
  23  2:09  Factory  
  23  2:17  SCV  
  23  2:18  Bunker  
  23  2:22  Barracks Reactor  
  24  2:25  Refinery  
  24  2:29  SCV  
  25  2:41  SCV  
  26  2:53  SCV  
  26  2:54  Hellion  
  26  2:55  Orbital Command  
  26  2:57  Starport  
  29  3:00  Marine  
  29  3:01  Marine  
  31  3:05  SCV  
  32  3:15  Factory Tech Lab  
  32  3:17  SCV  
  32  3:18  Marine  
  32  3:19  Marine  
  34  3:20  SCV  
  35  3:28  Supply Depot  
  35  3:30  SCV  
  35  3:32  SCV  
  35  3:33  Liberator  
  40  3:38  Marine  
  40  3:39  Marine  
  44  3:42  SCV  
  44  3:44  SCV  
  44  3:49  Siege Tank  
  44  3:52  Supply Depot  
  44  3:54  SCV  
  48  3:56  Marine  
  48  3:57  SCV, Marine  
  51  4:06  SCV  
  51  4:09  SCV  
  53  4:14  Marine  
  53  4:15  Marine  
  55  4:18  SCV  
  55  4:21  SCV  
  55  4:24  Command Center  
  57  4:27  Factory Tech Lab  
  57  4:29  Supply Depot  
  57  4:31  Raven  
  59  4:32  SCV  
  59  4:33  SCV  
  59  4:36  Refinery  
  61  4:38  Supply Depot  
  61  4:44  Marine  
  62  4:50  SCV x2, Marine  
  65  4:58  Supply Depot  
  65  4:59  Siege Tank  
  68  5:01  Marine  
  68  5:02  SCV x2  
  71  5:08  Marine  
  71  5:09  Barracks  
  69  5:14  SCV x2  
  69  5:15  Barracks  
  69  5:19  Marine  
  72  5:26  SCV x2, Marine  
  71  5:29  Viking  
  71  5:31  Siege Tank  
  76  5:38  Orbital Command  
  76  5:39  SCV x2  
  78  5:43  Marine  
  78  5:44  Engineering Bay, Marine  
  80  5:51  SCV x2  
  82  5:58  Barracks  
  82  6:01  Marine x2, Barracks  
  82  6:03  SCV x2  
  84  6:05  Siege Tank  
  84  6:08  Orbital Command  
  84  6:10  Barracks Tech Lab  
  87  6:11  Refinery  
  87  6:15  SCV x2, Stimpack  
  89  6:21  Missile Turret, Marauder, Starport Reactor  
  91  6:27  SCV x2, Supply Depot  
  91  6:29  Terran Infantry Weapons Level 1  
  91  6:31  Marauder  
  95  6:32  Missile Turret  
  95  6:34  SCV  
  95  6:39  SCV x2  
  98  6:40  Marine x2  
  98  6:46  SCV, Barracks Reactor  
  101  6:47  Supply Depot  
  101  6:48  Supply Depot, Barracks Tech Lab  
  101  6:51  SCV x2  
  105  6:54  Marauder x2  
  108  7:02  Supply Depot  
  108  7:03  SCV, Supply Depot  
  108  7:04  Refinery x2  
  108  7:05  SCV  
  109  7:09  SCV, Medivac, Combat Shield, Siege Tank  
  109  7:12  Medivac  
  109  7:15  SCV, Bunker  
  117  7:19  Supply Depot  
  117  7:23  Supply Depot, Marauder  
  117  7:28  SCV  
  117  7:29  SCV x2  
  104  7:34  Marauder  
  104  7:35  Marauder, Marine x2  
  87  7:39  Marine  
  87  7:40  Marine  
  76  7:44  Marine  
  75  7:53  Medivac, Marine x2  
  75  7:56  Medivac, Marauder  
  75  7:57  Marauder, Marine  
  81  7:59  Marine  
  72  8:07  Marauder  
Tags
 
Add a new tag
Caveats
  • Supply blocks, unpowered buildings, or Contaminate may cause inaccurate times.
  • Supply counts are checked every 10 seconds.